 Dungeon Crawl Stone Soup version 0.17.0-25-gefc9c12 (webtiles) character file.

4411 dorian the Arsonist (level 10, -10/50 HPs)
             Began as an Octopode Fire Elementalist on Nov 18, 2015.
             Was a Believer of Vehumet.
             Killed by the air
             ... invoked by Gastronok
              (32 damage)
             ... on level 8 of the Dungeon.
             The game lasted 00:28:22 (12004 turns).

dorian the Arsonist (Octopode Fire Elementalist)   Turns: 12004, Time: 00:28:22

Health: -10/50     AC:  1    Str:  6    XL:     10   Next: 36%
Magic:  2/13       EV: 17    Int: 21    God:    Vehumet [**....]
Gold:   82         SH:  0    Dex: 10    Spells: 3 memorised, 3 levels left

rFire  + . .     SeeInvis .     y - staff of fire
rCold  + . .     Clarity  .     (no shield)
rNeg   . . .     SustAt   .     (helmet restricted)
rPois  .         Gourm    +     w - amulet of the gourmand
rElec  .         Spirit   .     m - ring of protection from magic
rCorr  .         Warding  .     c - ring of stealth
rMut   .         Stasis   .     D - +5 ring of evasion
MR     +....                    (no ring)
Stlth  ++++......               (no ring)
                                (no ring)
                                (no ring)
                                (no ring)

@: somewhat resistant to hostile enchantments, stealthy
A: almost no armour, amphibious, 8 rings, constrict 8, camouflage 1, clumsy 1,
cold resistance 1, frail 1, spit poison 1, weak 1, gelatinous body 1
a: Spit Poison, Renounce Religion


You were on level 8 of the Dungeon.
You worshipped Vehumet.
Vehumet was pleased with you.
You were very full.

You visited 2 branches of the dungeon, and saw 9 of its levels.
You also visited: Ossuary.

You collected 404 gold pieces.
You spent 322 gold pieces at shops.

Inventory:

Hand Weapons
 f - the +1 mace "Jomaen" {crush, rF+ MP-9 Str+7 Dex+2}
   (You found it on level 4 of the Dungeon)

   It inflicts extra damage upon your enemies.
   It affects your strength (+7).
   It affects your dexterity (+2).
   It protects you from fire.
   It affects your magic capacity (-9).
 C - a +3 long sword of protection
 H - a +2 halberd of chopping
Magical Staves
 y - an uncursed staff of fire (weapon)
Jewellery
 c - a ring of stealth (right tentacle)
 m - a ring of protection from magic (left tentacle)
 n - an uncursed ring of teleportation
 w - an amulet of the gourmand (around mantle)
 B - an uncursed amulet of resist corrosion
 D - a +5 ring of evasion (on tentacle)
 N - a cursed amulet of inaccuracy
Wands
 l - a wand of fireball (3)
 v - a wand of paralysis (8)
 E - a wand of lightning (1)
 I - a wand of magic darts (21)
 J - a wand of invisibility (4)
 K - a wand of slowing (22)
Scrolls
 e - 7 scrolls of remove curse
 g - 3 scrolls of magic mapping
 h - a scroll of fog
 o - 4 scrolls of identify
 s - a scroll of random uselessness
 A - 2 scrolls of noise
 L - a scroll of fear {unknown}
Potions
 d - 5 potions of heal wounds
 j - 3 potions of agility
 p - 2 potions of haste
 q - a potion of berserk rage
 r - 6 potions of curing
 t - a potion of flight
 u - a potion of degeneration
 z - a potion of magic
 F - 2 potions of brilliance
 G - 2 potions of might
Books
 a - a book of Flames

   Spells                             Type                      Level
   a - Flame Tongue                   Conjuration/Fire             1
   b - Throw Flame                    Conjuration/Fire             2
   c - Conjure Flame                  Conjuration/Fire             3
   d - Inner Flame                    Hexes/Fire                   3
   e - Sticky Flame                   Conjuration/Fire             4
   f - Fireball                       Conjuration/Fire             5
Comestibles
 b - 9 bread rations
 i - a meat ration
 k - a beef jerky
 x - 2 royal jellies


   Skills:
 - Level 2.0 Dodging
 - Level 2.6 Stealth
 - Level 2.0 Spellcasting
 + Level 10.5 Conjurations
 + Level 10.8 Fire Magic


You had 3 spell levels left.
You knew the following spells:

 Your Spells              Type           Power        Failure   Level  Hunger
a - Flame Tongue          Conj/Fire      #####        1%          1    #......
b - Sticky Flame          Conj/Fire      ######..     1%          4    #####..
c - Fireball              Conj/Fire      ######....   6%          5    ######.


Dungeon Overview and Level Annotations

Branches:
Dungeon (8/15)             Temple (1/1) D:6            Lair (0/8) D:8

Altars:
Ashenzari
Cheibriados
Elyvilon
Fedhas
Gozag
Kikubaaqudgha
Makhleb
Nemelex Xobeh
Okawaru
Qazlal
Sif Muna
Trog
Vehumet
Xom
Yredelemnul
Zin
The Shining One

Shops:
D:6 !   D:7 [

Annotations:
D:3 lucasterio's ghost, amateur MiBe
D:8 Gastronok


Innate Abilities, Weirdness & Mutations

You cannot wear most types of armour.
You are amphibious.
You can wear up to eight rings at the same time.
You can use your tentacles to constrict eight enemies at once.
Your skin changes colour to match your surroundings (Stealth).
Your rubbery body absorbs attacks (AC +1).
You are clumsy. (Dex -2)
Your flesh is cold resistant.
You are frail (-10% HP).
You can spit weak poison.
You are weak. (Str -2)


Message History

You feel a surge of power!
The sticky flame hits Gastronok.
Gastronok is moderately wounded.
Gastronok is covered in liquid flames!
Gastronok burns!
Casting: Sticky Flame
Confirm with . or Enter, or press ? or * to list all spells.
Aiming: Sticky Flame
Press: ? - help, Shift-Dir - straight line, f/p - Gastronok
Aim: Gastronok, wearing a runed hat (moderately wounded, covered in liquid flames, covering ground quickly)
You feel a surge of power!
The sticky flame hits Gastronok.
Gastronok is heavily wounded.
Gastronok is covered in liquid flames!
Gastronok burns!
Gastronok waves his eye-stalks in wide circles.
The air twists around and strikes you!
Ouch! That really hurt!
Gastronok burns!
Gastronok burns!
Gastronok waves his eye-stalks in wide circles.
The air twists around and strikes you!
Ouch! That really hurt!
You die...

#.. .. #.##.### .
#.#.... ..
#.#..###...
#.#........
#####..........
.........#####
#########..
#######..#
#...w.....# #..#
#@#######.#
#######..## #.#
..........######.#
########..##.....#
...........#.#####
.########..#.# .#
#..#.#
.########..#.#
.##........#.#


You could see Gastronok (burning).

Vanquished Creatures
  Prince Ribbit (D:7)
  A spriggan (D:7)
  3 wargs (D:8)
  Menkaure (Ossuary)
  2 water moccasins
  Duvessa (D:6)
  An orc warrior (D:8)
  2 black bears (D:6)
  4 ogres
  2 sky beasts
  4 centaurs
  An elf zombie (Ossuary)
  2 big kobolds
  4 giant frogs
  A scorpion (D:7)
  Dowan (D:6)
  A troll zombie (Ossuary)
  4 killer bees (D:8)
  2 jellies
  2 crimson imps (D:6)
  A quasit (D:6)
  4 centaur zombies
  4 hounds
  9 orc wizards
  3 orc priests
  A giant frog skeleton (D:7)
  A centaur skeleton (D:5)
  2 iguanas (D:8)
  2 worker ants
  A big kobold zombie (Ossuary)
  An ogre zombie (Ossuary)
  6 mummies (Ossuary)
  12 adders
  4 gnolls (D:5)
  2 oozes
  6 adder zombies
  An adder skeleton (D:4)
  2 worms
  5 giant geckos
  22 orcs
  7 bats
  6 giant cockroaches
  A gnoll zombie (Ossuary)
  9 goblins
  4 hobgoblins
  2 quokkas
  2 ball pythons
  3 giant newts
  A goblin zombie (Ossuary)
  6 hobgoblin zombies (Ossuary)
  7 jackals
  A jackal skeleton (D:7)
  14 kobolds
  3 kobold zombies (Ossuary)
  An orc zombie (Ossuary)
  4 quokka zombies (Ossuary)
  6 rats
  2 rat zombies (Ossuary)
208 creatures vanquished.

Notes
Turn   | Place    | Note
--------------------------------------------------------------
     0 | D:1      | dorian the Octopode Fire Elementalist began the quest for the Orb.
     0 | D:1      | Reached XP level 1. HP: 11/11 MP: 3/3
   202 | D:1      | Reached XP level 2. HP: 17/17 MP: 3/5
   808 | D:2      | Reached XP level 3. HP: 21/21 MP: 2/6
  1131 | D:2      | Found a stormy altar of Qazlal.
  1689 | D:3      | Reached skill level 4 in Fire Magic
  1689 | D:3      | Reached XP level 4. HP: 24/27 MP: 1/7
  1832 | D:3      | Found a burning altar of Makhleb.
  2052 | D:3      | Found a white marble altar of Elyvilon.
  2218 | D:3      | Noticed lucasterio's ghost (amateur MiBe)
  2727 | D:4      | Noticed a phantom
  2903 | D:3      | Learned a level 4 spell: Sticky Flame
  3303 | D:4      | Found a sand-covered staircase.
  3307 | Ossuary  | Entered an ossuary
  3327 | Ossuary  | Reached XP level 5. HP: 31/31 MP: 6/8
  3581 | Ossuary  | Reached skill level 5 in Fire Magic
  3609 | Ossuary  | Reached XP level 6. HP: 27/36 MP: 0/9
  4494 | Ossuary  | Noticed Menkaure
  4536 | Ossuary  | Reached XP level 7. HP: 41/41 MP: 1/10
  4632 | Ossuary  | Reached skill level 5 in Conjurations
  4698 | Ossuary  | Killed Menkaure
  4698 | Ossuary  | Reached skill level 6 in Fire Magic
  4848 | Ossuary  | Gained mutation: You are weak. (Str -2) [potion of mutation]
  4848 | Ossuary  | Gained mutation: Your body sometimes deteriorates upon taking damage. [potion of mutation]
  4848 | Ossuary  | Gained mutation: You are frail (-10% HP). [potion of mutation]
  4888 | D:4      | Got a steaming mace
  4956 | D:3      | Identified the +1 mace "Jomaen" {crush, rF+ MP-9 Str+7 Dex+2} (You found it on level 4 of the Dungeon)
  5566 | D:5      | Entered Level 5 of the Dungeon
  5985 | D:5      | Reached XP level 8. HP: 41/41 MP: 8/11
  6204 | D:5      | Got a transparent rapier
  6230 | D:5      | HP: 2/41 [ogre/giant club (11)]
  6232 | D:5      | Reached skill level 7 in Fire Magic
  6536 | D:4      | Identified the cursed +0 rapier "Ase Vuusch" {pierce, Dex+4} (You found it on level 5 of the Dungeon)
  6874 | D:6      | Learned a level 5 spell: Fireball
  7146 | D:6      | Found a staircase to the Ecumenical Temple.
  7158 | Temple   | Entered the Ecumenical Temple
  7175 | Temple   | Became a worshipper of Vehumet
  7255 | D:6      | Noticed Dowan
  7269 | D:6      | Killed Dowan
  7381 | D:6      | Noticed Duvessa
  7403 | D:6      | Killed Duvessa
  7403 | D:6      | Reached skill level 8 in Fire Magic
  7415 | D:6      | Found Omucrixo's Distillery.
  7498 | D:6      | Bought a potion of heal wounds for 70 gold pieces
  7498 | D:6      | Bought a potion of haste for 140 gold pieces
  7498 | D:6      | Bought a potion of berserk rage for 70 gold pieces
  7498 | D:6      | Bought a potion of curing for 42 gold pieces
  7541 | D:6      | Reached XP level 9. HP: 38/45 MP: 4/12
  7960 | D:7      | Noticed Prince Ribbit
  8057 | D:7      | Killed Prince Ribbit
  8301 | D:7      | Reached skill level 9 in Fire Magic
  8331 | D:6      | Gained mutation: Your flesh is cold resistant. [mutagenic meat]
  8332 | D:6      | Gained mutation: You can spit weak poison. [mutagenic meat]
  8333 | D:6      | Lost mutation: Your body sometimes deteriorates upon taking damage. [mutagenic meat]
  8334 | D:6      | Gained mutation: You are clumsy. (Dex -2) [mutagenic meat]
  8719 | D:7      | Found an iron altar of Okawaru.
  9075 | D:7      | Reached * piety under Vehumet
  9075 | D:7      | Offered knowledge of Sting by Vehumet.
  9751 | D:7      | Found Xyntyfeve's Antique Armour Emporium.
 10078 | D:8      | Reached skill level 10 in Fire Magic
 10507 | D:8      | Reached XP level 10. HP: 31/50 MP: 5/13
 10997 | D:8      | Reached skill level 10 in Conjurations
 11499 | D:8      | Found a staircase to the Lair.
 11508 | D:8      | Offered knowledge of Freeze by Vehumet.
 11561 | D:8      | Reached ** piety under Vehumet
 11931 | D:8      | Found an ancient bone altar of Kikubaaqudgha.
 11989 | D:8      | Noticed Gastronok
 12004 | D:8      | Killed from afar by Gastronok

Action                   |  1- 3 |  4- 6 |  7- 9 | 10-12 || total
-------------------------+-------+-------+-------+-------++-------
Melee: Unarmed           |     7 |       |       |       ||     7
       Hand axe          |     2 |     5 |       |       ||     7
       Long sword        |       |    64 |    11 |       ||    75
       Flail             |       |     4 |       |       ||     4
       Staff             |       |       |    24 |       ||    24
 Cast: Flame Tongue      |    52 |    97 |   215 |    62 ||   426
       Sticky Flame      |       |     2 |    16 |    10 ||    28
Evoke: Wand              |       |     1 |     8 |     6 ||    15
  Use: Scroll            |     1 |       |    16 |     1 ||    18
       Potion            |       |       |    11 |       ||    11
 Stab: Paralysed         |       |     5 |     2 |       ||     7
       Sleeping          |       |    13 |     2 |       ||    15
  Eat: Chunk             |     2 |    18 |    35 |     8 ||    63
